 Dungeon Crawl Stone Soup version 0.30.1-11-g7821555f0a (webtiles) character file.

Game seed: 4940202662218769303

410096 ababab the Maledictor (level 22, -11/106 HPs)
             Began as a Felid Enchanter on Dec 20, 2023.
             Was the Champion of Dithmenos.
             Killed from afar by an orb of fire (29 damage)
             ... with a fireball
             ... on level 5 of the Realm of Zot on Dec 22, 2023.
             The game lasted 05:04:53 (91647 turns).

ababab the Maledictor (Felid Enchanter)            Turns: 91647, Time: 05:04:54

Health: -11/106    AC:  3    Str:  6    XL:     22   Next: 13%
Magic:  0/54       EV: 36    Int: 22    God:    Dithmenos [******]
Gold:   833        SH:  0    Dex: 20    Spells: 3/57 levels left
                                        Lives:  0   Deaths: 5

rFire   + +          .
                       - Unarmed
rCold   + + .        (shield unavailable)
rNeg    + . .        (body armour unavailable)
rPois   +            (helmet unavailable)
rElec   +            (cloak unavailable)
rCorr   .            (gloves unavailable)
SInv    +            (boots unavailable)
Will    +++++        M - amulet "Mebeh" {Spirit rElec rN+} Stlth ********++
                     Y - ring "Xijeb" {rPois rF+ MP+9}
HPRegen 0.37/turn    p - ring "Yploxan" {Drain rPois rF+ rC+ Will+++}
MPRegen 0.34/turn

%: guardian spirit
@: wreathed by umbra, quick
A: very small, claws 1, fangs 3, see invisible, speed 1, shaggy fur 3, stealthy
paws, no weapons or thrown items, no armour, multi-lived
}: 3/15 runes: barnacled, silver, gossamer
a: Renounce Religion, Shadow Step, Shadow Form


You were on level 5 of the Realm of Zot.
You worshipped Dithmenos.
Dithmenos was exalted by your worship.
You visited 10 branches of the dungeon, and saw 48 of its levels.
You also visited: Trove, Gauntlet and Wizlab.

You collected 10407 gold pieces.
You spent 9574 gold pieces at shops.

Inventory:

Jewellery
 d - an amulet of regeneration
 l - the ring "Gotir" {+Blink rPois rCorr Int+6}
   (You found it in a treasure trove)

   [ring of intelligence]

   Int:       It affects your intelligence (+6).
   rPois:     It protects you from poison.
   +Blink:    It lets you blink.
   rCorr:     It protects you from acid and corrosion.
 p - the ring "Yploxan" (right paw) {Drain rPois rF+ rC+ Will+++}
   (You took it off a minotaur in a Gauntlet)

   [ring of protection from fire]

   rF:        It protects you from fire.
   rC:        It protects you from cold.
   rPois:     It protects you from poison.
   Drain:     It drains your maximum health when unequipped.
   Will:      It greatly increases your willpower.
 r - a ring of protection from fire
 v - the amulet "Teuroo" {RegenMP rC+}
   (You found it in a treasure trove)

   [amulet of magic regeneration]

   It increases your rate of magic regeneration.
   rC:        It protects you from cold.
 x - the amulet "Zomome" {Spirit rPois}
   (You found it in a treasure trove)

   [amulet of guardian spirit]

   It causes incoming damage to be divided between your reserves of health and
   magic.
   rPois:     It protects you from poison.
 A - the amulet "Vuiviag" {Acrobat MP+9 Dex+2}
   (You found it in a treasure trove)

   [amulet of the acrobat]

   It increases your evasion while moving and waiting.
   Dex:       It affects your dexterity (+2).
   MP:        It affects your magic capacity (+9).
 D - the ring of Fazurch {rElec rCorr Str+3 Int-5 Dex+3}
   (You found it in a treasure trove)

   [ring of resist corrosion]

   Str:       It affects your strength (+3).
   Int:       It affects your intelligence (-5).
   Dex:       It affects your dexterity (+3).
   rElec:     It insulates you from electricity.
   rCorr:     It protects you from acid and corrosion.
 F - the ring "Darghigg" {rElec rC+ Will- AC+4 Int+2}
   (You found it in a treasure trove)

   [ring of protection]

   AC:        It affects your AC (+4).
   Int:       It affects your intelligence (+2).
   rC:        It protects you from cold.
   rElec:     It insulates you from electricity.
   Will:      It decreases your willpower.
 J - the ring "Ciox" {rC+ Int+5}
   (You found it in a treasure trove)

   [ring of protection from cold]

   Int:       It affects your intelligence (+5).
   rC:        It protects you from cold.
 K - the ring "Yschuiro" {rPois rF+ Dex+5 Slay-4 Stlth+}
   (You found it in a treasure trove)

   [ring of protection from fire]

   Dex:       It affects your dexterity (+5).
   Slay:      It affects your accuracy & damage with ranged weapons and melee
   (-4).
   rF:        It protects you from fire.
   rPois:     It protects you from poison.
   Stlth:     It makes you more stealthy.
 M - the amulet "Mebeh" (around neck) {Spirit rElec rN+}
   (You bought it in a shop on level 1 of the Orcish Mines)

   [amulet of guardian spirit]

   It causes incoming damage to be divided between your reserves of health and
   magic.
   rElec:     It insulates you from electricity.
   rN:        It protects you from negative energy.
 P - the ring of the Modern Mouths {rElec rPois Int+6 SInv}
   (You found it in a treasure trove)

   [ring of intelligence]

   Int:       It affects your intelligence (+6).
   rElec:     It insulates you from electricity.
   rPois:     It protects you from poison.
   SInv:      It lets you see invisible.
 S - the ring "Kearchum" {Ice Dex+3}
   (You took it off Josephina on level 1 of the Realm of Zot)

   [ring of ice]

   It enhances your ice magic.
   Dex:       It affects your dexterity (+3).
   rF:        It makes you vulnerable to fire.
   rC:        It protects you from cold.
 T - a ring of wizardry
 V - the ring "Vomoneck" {Fly rC+ Dex-4 Stlth+}
   (You found it on level 3 of the Elven Halls)

   [ring of flight]

   Dex:       It affects your dexterity (-4).
   rC:        It protects you from cold.
   Fly:       It grants you flight.
   Stlth:     It makes you more stealthy.
 X - a ring of flight
 Y - the ring "Xijeb" (left paw) {rPois rF+ MP+9}
   (You found it in a treasure trove)

   [ring of magical power]

   rF:        It protects you from fire.
   rPois:     It protects you from poison.
   MP:        It affects your magic capacity (+9).
Wands
 s - a wand of mindburst (8)
 y - a wand of digging (39)
 C - a wand of flame (116)
 G - a wand of polymorph (33)
 Q - a wand of light (14)
 U - a wand of roots (56)
 Z - a wand of charming (20)
Scrolls
 f - 8 scrolls of poison
 h - 7 scrolls of fog
 n - 4 scrolls of silence
 o - 6 scrolls of amnesia
 z - 7 scrolls of butterflies
 N - 4 scrolls of magic mapping
 W - 2 scrolls of fear
Potions
 b - 6 potions of berserk rage
 c - 45 potions of curing
 e - 4 potions of cancellation
 g - a potion of heal wounds
 j - 11 potions of flight
 k - 12 potions of might
 q - 2 potions of magic
 t - 9 potions of brilliance
 u - 6 potions of ambrosia
 w - 2 potions of haste
 H - 5 potions of resistance
 I - 10 potions of mutation
 O - 4 potions of invisibility
Miscellaneous
 a - a box of beasts
 i - a phantom mirror
 m - a phial of floods
 B - a piece from Xom's chessboard (15/15)
 L - a condenser vane
 R - a lightning rod (4/4)


   Skills:
 + Level 15.9 Fighting
 + Level 20.6 Dodging
 + Level 25.9 Stealth
 + Level 15.9 Unarmed Combat
 + Level 18.1 Spellcasting
 - Level 8.0 Conjurations
 + Level 26.5 Hexes
 - Level 8.0 Summonings
 * Level 16.2 Translocations
 - Level 8.0 Transmutations
 - Level 4.0 Ice Magic
 - Level 9.0 Air Magic
 - Level 7.0 Earth Magic
 - Level 5.0 Poison Magic
 - Level 8.0 Evocations


You had 3 spell levels left.
You knew the following spells:

 Your Spells              Type           Power      Damage    Failure   Level
a - Ensorcelled Hibernat  Hex/Ice        100%       N/A       0%          2
b - Confusing Touch       Hex            95%        N/A       0%          3
c - Tukima's Dance        Hex            95%        N/A       0%          3
d - Swiftness             Air            56%        N/A       1%          3
e - Airstrike             Air            28%        2d(4-20)  1%          4
f - Yara's Violent Unrav  Hex/Tmut       38%        3d15      1%          5
g - Discord               Hex            47%        N/A       1%          8
h - Mephitic Cloud        Conj/Pois/Air  51%        N/A       1%          3
i - Enfeeble              Hex            47%        N/A       1%          7
j - Stone Arrow           Conj/Erth      100%       3d13      1%          3
k - Dispersal             Tloc           37%        N/A       1%          6
l - Summon Mana Viper     Hex/Summ       77%        N/A       1%          5
m - Blink                 Tloc           100%       N/A       0%          2

Your spell library contained the following spells:

 Spells                   Type           Power      Damage    Failure   Level
 Apportation              Tloc           100%       N/A       0%          1
 Slow                     Hex            100%       N/A       0%          1
 Dazzling Flash           Conj/Hex       100%       N/A       0%          3
 Gell's Gravitas          Tloc           74%        N/A       0%          3
 Summon Guardian Golem    Hex/Summ       77%        N/A       0%          3
 Beastly Appendage        Tmut           100%       N/A       1%          1
 Foxfire                  Conj/Fire      100%       2x1d9     1%          1
 Freeze                   Ice            100%       1d10      1%          1
 Magic Dart               Conj           100%       1d8       1%          1
 Sandblast                Erth           100%       2d20      1%          1
 Shock                    Conj/Air       100%       1d9       1%          1
 Sting                    Tmut/Pois      100%       1d8       1%          1
 Summon Small Mammal      Summ           100%       N/A       1%          1
 Call Imp                 Summ           100%       N/A       1%          2
 Cigotuvi's Dreadful Rot  Necr/Pois/Air  80%        N/A       1%          2
 Passwall                 Tmut/Erth      43%        N/A       1%          2
 Searing Ray              Conj           100%       2d8       1%          2
 Static Discharge         Conj/Air       100%       2-7/arc   1%          2
 Wereblood                Tmut           53%        N/A       1%          2
 Call Canine Familiar     Summ           53%        N/A       1%          3
 Frozen Ramparts          Ice            74%        1d12      1%          3
 Hailstorm                Conj/Ice       46%        3d11      1%          3
 Ignite Poison            Fire/Tmut/Pois 39%        N/A       1%          3
 Inner Flame              Hex/Fire       67%        N/A       1%          3
 Spider Form              Tmut/Pois      48%        N/A       1%          3
 Vhi's Electric Charge    Tloc/Air       100%       N/A       1%          3
 Necrotise                Necr           76%        1d7       2%          1
 Scorch                   Fire           38%        2d7       4%          2
 Sublimation of Blood     Necr           19%        N/A       4%          2
 Vampiric Draining        Necr           19%        2d7       8%          3
 Cause Fear               Hex            47%        N/A       0%          4
 Anguish                  Hex/Necr       33%        N/A       1%          4
 Fulminant Prism          Conj/Hex       38%        3d17      1%          4
 Iskenderun's Mystic Bla  Conj/Tloc      65%        2d13      1%          4
 Manifold Assault         Tloc           74%        N/A       1%          4
 Passage of Golubria      Tloc           74%        N/A       1%          4
 Summon Lightning Spire   Summ/Air       55%        N/A       1%          4
 Silence                  Hex/Air        39%        N/A       1%          5
 Summon Forest            Summ/Tloc      32%        N/A       1%          5
 Ice Form                 Ice/Tmut       46%        N/A       2%          4
 Summon Ice Beast         Ice/Summ       46%        N/A       2%          4
 Arcjolt                  Conj/Air       27%        1d37      2%          5
 Flame Wave               Conj/Fire      37%        2d10      4%          4
 Sticky Flame             Conj/Fire      37%        2d6       4%          4
 Alistair's Intoxication  Tmut/Pois      32%        N/A       4%          5
 Freezing Cloud           Conj/Ice/Air   25%        6-21      4%          5
 Conjure Ball Lightning   Conj/Air       27%        3x3d8     12%         6
 Fireball                 Conj/Fire      18%        3d9       14%         5
 Summon Cactus Giant      Summ           26%        N/A       14%         6
 Borgnjor's Vile Clutch   Necr/Erth      17%        N/A       17%         5
 Statue Form              Tmut/Erth      34%        N/A       19%         6
 Disjunction              Tloc           37%        N/A       22%         8
 Eringya's Noxious Bog    Tmut/Pois      24%        N/A       28%         6
 Plasma Beam              Fire/Air       19%        2x1d34    54%         6
 Storm Form               Tmut/Air       27%        N/A       56%         7
 Agony                    Necr           19%        N/A       58%         5
 Starburst                Conj/Fire      18%        6d7       61%         6
 Monstrous Menagerie      Summ           26%        N/A       63%         7
 Summon Hydra             Summ           26%        N/A       63%         7
 Simulacrum               Ice/Necr       14%        N/A       87%         6
 Haunt                    Necr/Summ      18%        N/A       99%         7
 Maxwell's Capacitive Co  Air            28%        ∞         99%         8
 Lehudib's Crystal Spear  Conj/Erth      26%        10d7      100%        8
 Chain Lightning          Conj/Air       27%        3d36      100%        9


Dungeon Overview and Level Annotations

Branches:
Dungeon (15/15)            Temple (1/1) D:7            Lair (5/5) D:9
 Shoals (4/4) Lair:3       Spider (4/4) Lair:2        Slime (0/5) Lair:5
    Orc (2/2) D:11            Elf (3/3) Orc:2        Vaults (5/5) D:13
  Crypt (0/3) Vaults:2     Depths (4/4) D:15            Zot (5/5) Depths:4
 WizLab (visited)         Gauntlet (visited)

Altars:
Ashenzari
Cheibriados
Dithmenos
Elyvilon
Fedhas
Gozag
Hepliaklqana
Kikubaaqudgha
Makhleb
Nemelex Xobeh
Okawaru
Qazlal
Ru
Sif Muna
Uskayaw
Vehumet
Wu Jian
Xom
Yredelemnul
Zin
The Shining One
Jiyva

Shops:
D:4 =   D:9 !   D:12 (   D:13 !   D:14 (   Orc:1 =*!   Orc:2 **?!
Shoals:1 :[[*   Shoals:4 *   Vaults:1 (   Vaults:2 :   Vaults:5 !?!!?*!!!
Depths:1 :==   Depths:2 =(   Depths:4 *(!(*

Portals:
Hell: Depths:1 Depths:2 Depths:3 Depths:4
Abyss: Depths:1 Depths:3 Depths:4
Pandemonium: Depths:1 Depths:2
Ziggurat: Depths:4

Annotations:
Spider:2 2 transporters, exclusion: orange crystal statue
Depths:1 6 runed translucent doors


Innate Abilities, Weirdness & Mutations

You have sharp claws.
You have razor-sharp teeth.
You have supernaturally acute eyesight. (SInv)
You cover ground quickly. (Speed+)
Your thick and shaggy fur keeps you warm. (AC +3, rC+)
Your paws help you pounce on unaware monsters.
You are incapable of wielding weapons or throwing items.
You cannot wear armour.
You gain extra lives every three experience levels.


Message History

Aim: an orb of fire (black smoke, umbra, will inflict antimagic)
The orb of fire partially resists.
The orb of fire is enfeebled!
Your mana viper disappears in a puff of smoke!
The orb of fire falters for a moment. x2
Casting: Enfeeble (safe; 1% risk of failure)
Confirm with . or Enter, or press ? or * to list all spells.
A mana viper appears with a sibilant hiss.
The orb of fire glows red.
The bolt of fire misses you.
The orb of fire falters for a moment.
The orb of fire glows yellow.
The fireball explodes!
The fireball engulfs you! You resist.
Aiming: Bolt of Light
Press: ? - help, Shift-Dir - straight line, f - orb of fire
Aim: an orb of fire (black smoke, severely damaged, magic disrupted, umbra, 42% to hit)
The bolt of light hits the orb of fire.
The orb of fire is severely damaged.
The orb of fire is blinded.
Aiming: Bolt of Light
Press: ? - help, Shift-Dir - straight line, f - orb of fire, p - orb of fire
Aim: an orb of fire (magic disrupted, umbra, 42% to hit)
The bolt of light hits the orb of fire!
The orb of fire is lightly damaged.
The orb of fire is blinded.
Your mana viper completely misses the orb of fire.
The orb of fire is no longer blind.
The orb of fire falters for a moment.
Your mana viper bites the orb of fire but does no damage.
The orb of fire glows yellow.
The fireball explodes!
The fireball engulfs your mana viper!!!!
Your mana viper dies!
Your mana viper disappears in a puff of smoke!
The fireball engulfs you!! You resist.
* * * LOW HITPOINT WARNING * * *
The fireball engulfs the orb of fire.
The orb of fire completely resists.
The orb of fire is no longer blind.
The orb of fire's magic is no longer disrupted.
The orb of fire glows bright magenta.
The fireball explodes!
The fireball engulfs you!! You resist.
You die...

......##.....####...[.###........
............⌠# #...?.# #........
......##....§####§"...# #...(....
########....§§§§§§....# #........
#....§§§*§.....# #=.......
#....§§S§§**...# #⌠.⌠.....
##########.....# #.....^..
#..........# #........
#....@..#### #........ #.......#
#........ #.......# #.......⌠
#.......# #........ #.......#
#.#####.. #.......# #.# #..
#.......######.#####.⌠
#..).....<...⌠.....)[.
#.......######.#######


You could see 2 orbs of fire.

Vanquished Creatures
  2 dread liches
  Tiamat (Zot:3)
  An ancient lich (Zot:5)
  Mara (Vaults:3)
  A juggernaut (Depths:2)
  Josephina (Zot:1)
  2 Killer Klowns
  A curse toe (Zot:5)
  3 caustic shrikes
  5 golden dragons
  Jorgrun (Spider:1)
  An electric golem (Zot:1)
  Rupert (Lair:2)
  5 Orb Guardians (Zot:5)
  14 tentacled monstrosities
  Zenata (Vaults:1)
  3 titans
  3 deep elf blademasters
  A lich (Depths:3)
  Asterion (Depths:1)
  A walking frostbound tome (Depths:4)
  8 quicksilver dragons
  Frances (Shoals:1)
  3 sphinxes
  4 death cobs
  Agnes (D:15)
  10 storm dragons
  The ghost of Condegh the Brawler, a journeyman TrMo of Wu Jian (Spider:1)
  5 tengu reavers
  9 shadow dragons
  6 fire giants
  11 frost giants
  5 draconian monks
  An azure jelly (Spider:1)
  2 deep elf sorcerers (Elf:3)
  A balrug (Depths:3)
  An iron dragon (Depths:2)
  A draconian knight (Zot:4)
  2 emperor scorpions
  A deep elf elementalist (Elf:3)
  A cacodemon (Depths:2)
  9 ghost moths
  Aizul (Vaults:1)
  A draconian shifter (Zot:3)
  A draconian stormcaller (Zot:3)
  6 vault wardens
  13 ironbound preservers
  A war gargoyle (Vaults:2)
  A broodmother (Spider:2)
  4 very ugly things
  14 stone giants
  4 black draconians
  2 deep elf demonologists (Elf:3)
  3 vampire knights
  5 green draconians
  4 purple draconians
  5 yellow draconians
  8 deep elf annihilators
  5 red draconians
  4 ironbound thunderhulks
  2 dire elephants
  A minotaur (Gauntlet)
  7 spark wasps
  A spark wasp (shapeshifter) (Elf:2)
  5 white draconians
  10 fire dragons
  2 crystal guardians (Vaults:3)
  11 ettins
  5 great orbs of eyes
  2 merfolk javelineers (Shoals:4)
  3 deep elf death magi
  A jiangshi (Depths:2)
  5 yaktaur captains
  2 entropy weavers (Spider:3)
  A deep elf high priest (Vaults:5)
  2 vault guards (Vaults:2)
  A hell beast (Depths:3)
  3 peacekeepers
  3 rakshasas
  2 spriggan air magi (Depths:2)
  The ghost of jaiteiro the Eclecticist, a journeyman DEEE of Vehumet (D:11)
  3 ice dragons (Depths:4)
  2 ogre magi
  10 hydras
  2 ironbound frosthearts
  2 catoblepae
  5 jorogumos
  5 two-headed ogres
  A merfolk avatar (Shoals:2)
  6 radroaches
  8 boulder beetles
  An alligator snapping turtle (Shoals:4)
  13 centaur warriors
  25 dancing weapons
  3 merfolk aquamancers (Shoals:4)
  2 satyrs
  13 tengu warriors
  2 hell knights (Vaults:4)
  3 deep troll earth magi
  4 death yaks
  12 deep elf knights
  3 spriggan berserkers
  4 sun demons
  Sonja (Lair:5)
  2 spriggans (Depths:2)
  3 soul eaters (Depths:3)
  3 pharaoh ants
  6 skysharks
  7 iron trolls
  6 skeletal warriors
  Lodul (D:10)
  A flayed ghost (Depths:2)
  8 sea snakes
  14 deep trolls
  9 orb spiders
  2 glowing orange brains
  5 lindwurms
  2 wizards
  10 deep elf pyromancers
  2 goliath frogs (Lair:5)
  A lindwurm (shapeshifter) (Vaults:4)
  A necromancer (D:15)
  2 sun moths
  4 deep elf archers
  5 orc knights
  13 ugly things
  3 steelbarb worms
  4 ironbound convokers
  2 phantasmal warriors
  27 deep elf zephyrmancers
  A spectral wolf spider (WizLab)
  4 harpies
  A faun (Shoals:1)
  10 manticores
  2 orc sorcerers
  14 wolf spiders
  2 salamanders (Depths:4)
  A salamander (shapeshifter) (Vaults:5)
  21 moths of wrath
  8 cyclopes
  2 centaur zombies (D:15)
  A black mamba (Lair:4)
  9 elephants
  3 water nymphs
  An orange demon (Depths:2)
  A smoke demon (Depths:2)
  A naga mage (D:15)
  11 vault sentinels
  7 merfolk sirens
  20 cane toads
  10 demonic crawlers
  5 torpor snails
  3 gargoyles
  An ice devil (Depths:2)
  8 kobold demonologists
  An unseen horror (D:11)
  11 rime drakes
  12 komodo dragons
  6 yaktaurs
  Psyche (D:8)
  2 freezing wraiths (Spider:1)
  4 meliai
  3 harpy zombies (Shoals:2)
  A merfolk (shapeshifter) (D:13)
  A golden dragon simulacrum (Zot:1)
  A tyrant leech (Lair:5)
  8 trolls
  20 merfolk
  6 blink frogs (Lair:5)
  2 dream sheep (Shoals:3)
  3 wind drakes
  A wolf spider simulacrum (D:15)
  3 hornets
  33 tarantellas
  A meliai zombie (D:15)
  11 snapping turtles
  10 flying skulls (Gauntlet)
  18 slime creatures
  2 shadows
  3 air elementals
  29 jumping spiders
  24 culicivoras
  A centaur simulacrum (D:15)
  4 wraiths
  26 yaks
  A yak (shapeshifter) (Vaults:5)
  4 water elementals
  A hog (shapeshifter) (D:15)
  5 fire bats (Depths:4)
  3 basilisks
  3 fire elementals
  8 steam dragons
  14 vampire mosquitoes
  78 redbacks
  11 wargs
  6 acid dragons
  3 moth of wrath simulacra (Zot:1)
  14 water moccasins
  3 hell hounds (D:11)
  A floating eye (shapeshifter) (Vaults:5)
  3 black bears
  A manticore zombie (Shoals:2)
  A sky beast (D:8)
  10 ogres
  34 orc warriors
  5 wolves (Lair:2)
  2 phantoms
  23 centaurs
  10 kobold brigands
  6 gnoll sergeants
  2 scorpions
  23 bullfrogs
  2 earth elementals
  9 wights
  A hornet simulacrum (D:15)
  2 killer bees (D:9)
  11 howler monkeys
  2 electric eels
  A hound (D:6)
  8 jellies
  8 gnoll boudas
  20 orc priests
  Terence (D:3)
  An iguana (D:7)
  A sleepcap (D:5)
  Jessica (D:2)
  19 orc wizards
  Robin (D:3)
  3 adders (D:2)
  19 gnolls
  A white imp (D:6)
  An ufetubus (D:4)
  4 worms
  2 dart slugs (D:5)
  55 orcs
  11 ball pythons
  5 bats
  A bat zombie (Shoals:2)
  8 endoplasms
  3 giant cockroaches
  14 goblins
  9 hobgoblins
  3 jackals (D:2)
  16 kobolds
  3 quokkas
  2 frilled lizards (D:2)
  9 rats
  A fire vortex (Depths:4)
1486 creatures vanquished.

Vanquished Creatures (collateral kills)
  A dread lich (Zot:5)
  An orb of fire (Zot:5)
  Bai Suzhen (Spider:3)
  A curse toe (Zot:5)
  5 golden dragons
  3 caustic shrikes
  A bone dragon (Depths:4)
  An electric golem (Zot:5)
  3 Orb Guardians (Zot:5)
  A lich (Vaults:5)
  9 tentacled monstrosities
  2 walking earthen tomes
  2 titans (Vaults:5)
  A quicksilver dragon (Zot:5)
  A walking divine tome (Depths:2)
  A deep elf master archer (Elf:3)
  A death cob (Zot:1)
  2 storm dragons
  A sphinx (Depths:4)
  7 shadow dragons
  3 draconian monks
  Ilsuiw (Shoals:4)
  2 draconian knights
  An iron dragon (Depths:3)
  4 fire giants
  2 emperor scorpions (Spider:4)
  A deep elf sorcerer (Vaults:5)
  An orc warlord (Vaults:1)
  A frost giant (Depths:2)
  9 vault wardens
  6 draconian scorchers
  2 draconian shifters
  6 ironbound preservers
  2 draconian stormcallers
  A reaper (Depths:3)
  A war gargoyle (Vaults:5)
  7 draconian annihilators
  7 very ugly things
  2 stone giants
  4 green draconians
  2 ironbound thunderhulks
  6 white draconians
  5 black draconians
  3 dire elephants
  3 yellow draconians
  5 purple draconians
  2 deep elf annihilators
  6 red draconians
  5 spark wasps
  A deep elf death mage (Elf:3)
  4 merfolk impalers (Shoals:4)
  4 merfolk javelineers (Shoals:4)
  A jiangshi (Depths:2)
  A deep elf high priest (Vaults:5)
  3 ettins
  2 fire dragons
  4 yaktaur captains
  2 entropy weavers
  A great orb of eyes (Vaults:2)
  2 ice dragons (Depths:3)
  A rakshasa (Depths:1)
  25 vault guards
  3 merfolk aquamancers (Shoals:4)
  A boulder beetle (Vaults:4)
  A radroach (Spider:4)
  2 spriggan air magi
  An ogre mage (Vaults:5)
  An ironbound frostheart (Vaults:2)
  8 centaur warriors
  2 two-headed ogres
  3 tengu warriors
  4 deep troll shamans
  A hell hog (Depths:3)
  4 spriggan berserkers
  3 vampire magi
  5 deep troll earth magi
  Urug (D:10)
  4 hell knights (Vaults:4)
  6 deep elf knights
  6 iron trolls
  A salamander mystic (Depths:4)
  38 deep trolls
  2 pharaoh ants
  2 sea snakes (Shoals:4)
  4 deep elf archers
  3 glowing orange brains
  3 orb spiders
  7 deep elf zephyrmancers
  2 necromancers
  3 orc knights
  A lindwurm (Vaults:1)
  3 steelbarb worms (Spider:3)
  3 wizards
  8 harpies
  9 ironbound convokers
  2 phantasmal warriors (Depths:1)
  5 wolf spiders
  17 ugly things
  3 manticores
  8 deep elf pyromancers
  5 fauns
  2 moths of wrath
  A salamander (Depths:4)
  8 vault sentinels
  A smoke demon (Depths:3)
  3 water nymphs
  7 merfolk sirens
  5 demonic crawlers (Spider:3)
  Maggie (D:8)
  A hellion (Depths:3)
  20 yaktaurs
  4 merfolk
  A hornet (Depths:2)
  8 tarantellas
  A raiju (shapeshifter) (Vaults:5)
  2 dancing weapons
  A dream sheep (Shoals:3)
  9 jumping spiders
  19 slime creatures
  2 culicivoras (Spider:3)
  A water elemental (Shoals:3)
  Eustachio (D:4)
  A fire bat (Depths:4)
  A yak (D:9)
  10 redbacks
  A warg (D:11)
  9 orc warriors
  2 ogres
  11 centaurs
  A kobold brigand (D:11)
  A gnoll sergeant (D:11)
  8 wights
  A hound (D:6)
  2 jellies (D:11)
  3 orc priests
  2 gnoll boudas
  3 orc wizards
  3 gnolls
  A shadow imp (Spider:3)
  17 orcs
  A hobgoblin (D:2)
  7 kobolds
564 creatures vanquished.

Vanquished Creatures (others)
  3 caustic shrikes
  An Orb Guardian (Zot:5)
  2 deep elf master archers (Elf:3)
  2 death cobs
  A sphinx (Vaults:4)
  2 storm dragons
  A shadow dragon (Zot:4)
  A draconian monk (Zot:3)
  2 fire giants (Depths:2)
  3 draconian knights
  2 draconian scorchers (Zot:3)
  3 deep elf sorcerers (Elf:3)
  3 vault wardens
  2 draconian stormcallers
  A draconian annihilator (Zot:2)
  A draconian shifter (Zot:3)
  4 very ugly things
  3 ironbound preservers
  An ironbound thunderhulk (Vaults:1)
  A green draconian (Zot:5)
  3 stone giants
  2 red draconians
  A dire elephant (Vaults:3)
  A black draconian (Zot:1)
  2 yellow draconians
  A deep elf annihilator (Elf:2)
  A purple draconian (Zot:1)
  2 white draconians
  8 spark wasps
  A deep elf death mage (Elf:3)
  A merfolk impaler (Shoals:4)
  2 merfolk javelineers (Shoals:4)
  3 vault guards
  2 yaktaur captains
  A hydra (shapeshifter) (Vaults:5)
  An ironbound frostheart (Vaults:1)
  2 centaur warriors (Vaults:1)
  3 deep troll shamans
  A deep troll earth mage (Depths:2)
  A hell knight (Depths:4)
  A deep elf knight (Elf:2)
  An iron troll (Depths:2)
  6 deep trolls
  2 deep elf archers (Elf:2)
  A steelbarb worm (Spider:4)
  A flayed ghost (Depths:3)
  5 harpies
  2 deep elf pyromancers
  A wizard (Vaults:4)
  8 ironbound convokers
  2 wolf spiders
  4 deep elf zephyrmancers
  A necromancer (Depths:1)
  An orc sorcerer (Elf:2)
  A manticore (Shoals:4)
  2 ugly things
  A salamander (Depths:4)
  A moth of wrath (Zot:5)
  A vault sentinel (Vaults:4)
  45 dancing weapons
  2 yaktaurs
  A freezing wraith (Vaults:5)
  A tengu conjurer (Depths:3)
  2 merfolk (Shoals:4)
  A tarantella (Vaults:3)
  A dream sheep (Shoals:3)
  3 slime creatures
  5 culicivoras
  A fire bat (Depths:4)
  7 redbacks
189 creatures vanquished.

Grand Total: 2239 creatures vanquished

Notes
Turn   | Place    | Note
-------+----------+-------------------------------------------
     0 | D:1      | ababab the Felid Enchanter began the quest for the Orb.
     0 | D:1      | Reached XP level 1. HP: 7/7 MP: 4/4
   155 | D:1      | Reached XP level 2. HP: 11/11 MP: 6/6
   313 | D:1      | Learned a level 2 spell: Ensorcelled Hibernation
   637 | D:2      | Noticed Jessica
   641 | D:2      | Killed Jessica
   642 | D:2      | Reached XP level 3. HP: 11/15 MP: 8/8
   778 | D:2      | Found a blossoming altar of Fedhas.
   819 | D:2      | Reached skill level 1 in Fighting
  1029 | D:2      | Reached XP level 4. HP: 19/19 MP: 9/9
  1118 | D:2      | Learned a level 3 spell: Confusing Touch
  1122 | D:2      | Learned a level 3 spell: Tukima's Dance
  1373 | D:2      | Reached skill level 5 in Hexes
  1972 | D:2      | Reached XP level 5. HP: 18/22 MP: 4/10
  2048 | D:3      | Reached skill level 1 in Ice Magic
  2128 | D:3      | Noticed Robin
  2531 | D:3      | Noticed Terence
  2543 | D:3      | Killed Terence
  2612 | D:3      | Identified the +3 dagger of Demand {venom, rN+}
  2656 | D:3      | Gained mutation: You are covered in thick fur. (AC +2)
                  | [Felid growth]
  2656 | D:3      | Reached XP level 6. HP: 26/26 MP: 12/12
  3029 | D:3      | Killed Robin
  3095 | D:4      | Reached skill level 5 in Stealth
  3131 | D:4      | Found Ipic's Jewellery Shoppe.
  3243 | D:4      | Noticed Eustachio
  3262 | D:4      | Killed Eustachio
  3263 | D:4      | Reached skill level 6 in Hexes
  3385 | D:4      | Reached XP level 7. HP: 30/30 MP: 11/14
  3579 | D:4      | Found a sacrificial altar of Ru.
  3870 | D:5      | Entered Level 5 of the Dungeon
  4177 | D:5      | Reached skill level 7 in Hexes
  4588 | D:5      | Reached skill level 5 in Dodging
  4588 | D:5      | Reached XP level 8. HP: 34/34 MP: 14/16
  5156 | D:6      | Found a white marble altar of Elyvilon.
  5270 | D:6      | Reached skill level 5 in Spellcasting
  5298 | D:6      | Reached skill level 8 in Hexes
  5538 | D:6      | Noticed a gargoyle
  5776 | D:6      | Reached skill level 9 in Hexes
  5971 | D:6      | Reached XP level 9. HP: 16/39 MP: 9/18
  6200 | D:6      | Found a hide-covered altar of Uskayaw.
  6200 | D:6      | Found a burning altar of Makhleb.
  6311 | D:6      | Killed a gargoyle
  6776 | D:7      | Found a blossoming altar of Fedhas.
  6786 | D:7      | Found a staircase to the Ecumenical Temple.
  6791 | Temple   | Entered the Ecumenical Temple
  6858 | Temple   | Became a worshipper of Dithmenos the Shadowed
  6873 | D:7      | Reached skill level 10 in Hexes
  7610 | D:8      | Found a broken altar of Ashenzari.
  7678 | D:8      | Noticed Psyche
  7769 | D:8      | Noticed a two-headed ogre
  7987 | D:8      | Killed Psyche
  8150 | D:8      | Reached skill level 1 in Evocations
  8211 | D:8      | Reached XP level 10. HP: 43/43 MP: 15/21
  8279 | D:8      | Reached skill level 11 in Hexes
  8292 | D:8      | Noticed a green ugly thing
  8309 | D:8      | Reached skill level 5 in Unarmed Combat
  8321 | D:8      | Reached * piety under Dithmenos
  8359 | D:8      | Killed a green ugly thing
  8360 | D:8      | Reached skill level 5 in Fighting
  8842 | D:8      | Noticed Maggie
  8861 | D:8      | Killed Maggie
  9407 | D:9      | Found an ancient bone altar of Kikubaaqudgha.
  9423 | D:9      | Found a shimmering blue altar of Sif Muna.
  9460 | D:9      | Found Iminenluhei's Distillery.
  9467 | D:9      | Bought a potion of curing for 36 gold pieces
  9467 | D:9      | Bought a potion of heal wounds for 60 gold pieces
  9467 | D:9      | Bought a potion of might for 48 gold pieces
  9467 | D:9      | Bought a potion of might for 48 gold pieces
  9510 | D:9      | Noticed a tengu warrior
  9536 | D:9      | Killed a tengu warrior
  9541 | D:9      | Reached skill level 12 in Hexes
  9607 | D:9      | Noticed a two-headed ogre
  9618 | D:9      | Killed a two-headed ogre
  9635 | D:9      | Reached ** piety under Dithmenos
  9830 | D:9      | Reached XP level 11. HP: 48/48 MP: 17/23
 10139 | D:9      | Noticed a two-headed ogre
 10260 | D:9      | Found a staircase to the Lair.
 10499 | D:9      | Reached skill level 5 in Evocations
 10533 | D:9      | Killed a two-headed ogre
 11019 | D:9      | Reached *** piety under Dithmenos
 11141 | D:8      | Killed a two-headed ogre
 11142 | D:8      | Reached skill level 13 in Hexes
 11203 | D:10     | Entered Level 10 of the Dungeon
 11203 | D:10     | Noticed Urug
 11203 | D:10     | Noticed a centaur warrior
 11222 | D:10     | Killed a centaur warrior
 11255 | D:10     | Killed Urug
 11256 | D:10     | Reached skill level 10 in Stealth
 11569 | D:10     | Noticed Lodul
 12010 | D:10     | Learned a level 3 spell: Swiftness
 12273 | D:10     | Killed Lodul
 12274 | D:10     | Reached skill level 1 in Air Magic
 12274 | D:10     | Gained mutation: Your thick and shaggy fur keeps you warm.
                  | (AC +3, rC+) [Felid growth]
 12274 | D:10     | Reached XP level 12. HP: 9/53 MP: 23/26
 12472 | Lair:1   | Entered Level 1 of the Lair of Beasts
 12932 | Lair:1   | Reached skill level 14 in Hexes
 13051 | Lair:1   | Learned a level 4 spell: Airstrike
 13417 | Lair:1   | Reached **** piety under Dithmenos
 13980 | Lair:2   | Noticed an eight-headed hydra
 14293 | Lair:2   | Found a gate leading to a gauntlet.
 14322 | Gauntlet | Entered a Gauntlet
 14322 | Gauntlet | Found a transporter.
 14332 | Gauntlet | Found a transporter.
 14473 | Gauntlet | Found a transporter.
 14483 | Gauntlet | Noticed a hell hog
 14491 | Gauntlet | Found a runed translucent gate.
 14491 | Gauntlet | Found a runed translucent gate.
 14491 | Gauntlet | Found a runed translucent gate.
 14493 | Gauntlet | Found a transporter.
 14501 | Gauntlet | Identified the amulet "Xiadei" {RegenMP *Slow rN+++ Str+5}
 14507 | Gauntlet | Noticed a dire elephant
 14508 | Gauntlet | Noticed a tengu warrior
 14649 | Gauntlet | Identified the ring "Yploxan" {Drain rPois rF+ rC+ Will+++}
 14649 | Gauntlet | Noticed a minotaur
 14705 | Gauntlet | Killed a minotaur
 14889 | Lair:2   | Found a hole to the Spider Nest.
 15451 | Lair:2   | Reached skill level 15 in Hexes
 15462 | Lair:2   | Reached skill level 10 in Dodging
 15480 | Lair:2   | Reached skill level 10 in Spellcasting
 15513 | Lair:2   | Killed an eight-headed hydra
 15795 | D:11     | Noticed a two-headed ogre
 15799 | D:11     | Killed a two-headed ogre
 15800 | D:11     | Reached XP level 13. HP: 57/57 MP: 28/28
 16196 | D:11     | Found a staircase to the Orcish Mines.
 16361 | D:11     | Reached ***** piety under Dithmenos
 16614 | D:11     | Found a runed translucent gate.
 16614 | D:11     | Found a runed translucent gate.
 16614 | D:11     | Found a viscous altar of Jiyva.
 16614 | D:11     | Found a runed translucent gate.
 16614 | D:11     | Noticed jaiteiro's ghost (journeyman DEEE)
 17109 | D:11     | Reached skill level 5 in Air Magic
 18071 | Orc:1    | Entered Level 1 of the Orcish Mines
 18071 | Orc:1    | Found Ykodghaa's Jewellery Shoppe.
 18088 | Orc:1    | Found Dagg's Assorted Antiques.
 18105 | Orc:1    | Bought a scroll of teleportation for 93 gold pieces
 18105 | Orc:1    | Bought a potion of heal wounds for 155 gold pieces
 18114 | Orc:1    | Bought the amulet "Mebeh" {Spirit rElec rN+} for 819 gold
                  | pieces
 18788 | Orc:1    | Found Dudup's Distillery.
 18793 | Orc:1    | Bought a potion of heal wounds for 75 gold pieces
 18793 | Orc:1    | Bought a potion of heal wounds for 75 gold pieces
 18793 | Orc:1    | Bought a potion of curing for 45 gold pieces
 18793 | Orc:1    | Bought a potion of curing for 45 gold pieces
 19173 | Orc:2    | Entered Level 2 of the Orcish Mines
 19508 | Orc:2    | Reached skill level 16 in Hexes
 20801 | Orc:2    | Reached ****** piety under Dithmenos
 20887 | Orc:2    | Found Labof's Assorted Antiques.
 20887 | Orc:2    | Found Bael's Magic Scroll Boutique.
 20889 | Orc:2    | Found Fimorej's Distillery.
 20891 | Orc:2    | Found Xuckioh's Assorted Antiques.
 20895 | Orc:2    | Bought a scroll labelled MOYR ZEPLUYTUF for 23 gold pieces
 20898 | Orc:2    | Bought a scroll of blinking for 127 gold pieces
 20900 | Orc:2    | Bought 2 potions of heal wounds for 170 gold pieces
 20900 | Orc:2    | Bought a potion of curing for 51 gold pieces
 20900 | Orc:2    | Bought a potion of curing for 51 gold pieces
 20900 | Orc:2    | Bought a potion of invisibility for 136 gold pieces
 20976 | Orc:2    | Found a staircase to the Elven Halls.
 21835 | D:12     | Found Ostrui's Weapon Shop.
 22018 | D:12     | Identified the amulet "Cuvyg" {RegenMP rC+ Will+}
 22269 | D:13     | Found Mit Pamu's Distillery.
 22387 | D:13     | Reached XP level 14. HP: 52/63 MP: 21/30
 22730 | D:13     | You fall into a shaft and drop 2 floors!
 22730 | D:15     | Entered Level 15 of the Dungeon
 23202 | D:13     | Found a gate to the Vaults.
 23202 | D:13     | Noticed an ironbound preserver
 23240 | D:13     | Killed an ironbound preserver
 23241 | D:13     | Reached skill level 17 in Hexes
 23459 | D:13     | Got the Guidebook on Azure Percussion
 23634 | D:14     | Found Peam's Antique Weapon Boutique.
 24393 | D:14     | Identified the ring of Xustriacki {MP+9 AC+4 Int-4 SInv}
 24594 | D:14     | Found a sacrificial altar of Ru.
 25127 | D:15     | Found an opulent altar of Gozag.
 25350 | D:15     | Noticed Agnes
 25352 | D:15     | Killed Agnes
 25523 | D:15     | Found a staircase to the Depths.
 25890 | D:14     | Reached skill level 18 in Hexes
 26186 | Lair:3   | Reached XP level 15. HP: 67/67 MP: 32/32
 26616 | Lair:3   | Found a staircase to the Shoals.
 28327 | Lair:5   | Entered Level 5 of the Lair of Beasts
 28327 | Lair:5   | Noticed Sonja
 28329 | Lair:5   | Killed Sonja
 28375 | Lair:5   | Found an ornate altar of the Wu Jian Council.
 28565 | Lair:5   | Found a staircase to the Slime Pits.
 28565 | Lair:5   | Found a viscous altar of Jiyva.
 28946 | Lair:5   | Reached skill level 19 in Hexes
 29533 | Lair:5   | Identified a scroll of acquirement
 29536 | Lair:5   | Acquired the Parchment of Pollution and Ensorcelling
 29544 | Lair:5   | Learned a level 5 spell: Yara's Violent Unravelling
 29553 | Lair:5   | Learned a level 8 spell: Discord
 29557 | Lair:5   | Learned a level 3 spell: Mephitic Cloud
 30293 | Spider:1 | Entered Level 1 of the Spider Nest
 30323 | Spider:1 | Reached skill level 1 in Conjurations
 30327 | Spider:1 | Reached skill level 1 in Transmutations
 30329 | Spider:1 | Noticed Jorgrun
 30340 | Spider:1 | Reached skill level 1 in Poison Magic
 30571 | Spider:1 | Killed Jorgrun
 30581 | Spider:1 | HP: 1/69 [jumping spider (13)]
 30581 | Spider:1 | Demolished by a wolf spider
 30582 | Spider:1 | Reached XP level 14. HP: -20/65 MP: 0/31
 30675 | Spider:1 | Found a runed translucent gate.
 30675 | Spider:1 | Found a runed translucent gate.
 30675 | Spider:1 | Noticed Condegh's ghost (journeyman TrMo)
 30681 | Spider:1 | Reached XP level 15. HP: 49/69 MP: 2/33
 30710 | Spider:1 | HP: 3/69 [wolf spider (12)]
 30921 | Spider:1 | Noticed an emperor scorpion
 30951 | Spider:1 | Reached skill level 10 in Unarmed Combat
 31580 | Spider:1 | Found a runed translucent gate.
 31585 | Spider:1 | Noticed Rupert
 31784 | Lair:2   | Killed Rupert
 32162 | Spider:1 | Reached skill level 10 in Fighting
 32290 | Spider:1 | Killed an emperor scorpion
 32546 | Spider:1 | Noticed an azure jelly
 32549 | Spider:1 | Killed an azure jelly
 32684 | Spider:1 | Identified the +8 ring mail of Articulation {Contam rElec
                  | rF+ Str+2}
 32763 | Spider:2 | Found a transporter.
 32817 | Spider:2 | Noticed an emperor scorpion
 32818 | Spider:2 | Noticed an emperor scorpion
 32822 | Spider:2 | Found a transporter.
 34235 | Spider:2 | Reached skill level 20 in Hexes
 34371 | Spider:2 | Blown up by an orb spider
 34372 | Spider:2 | Reached XP level 14. HP: -47/66 MP: 0/32
 34423 | Spider:2 | Killed a broodmother
 34852 | Spider:3 | Noticed Bai Suzhen
 34913 | Spider:3 | Reached XP level 15. HP: 69/69 MP: 21/33
 35227 | Spider:3 | Reached skill level 5 in Transmutations
 35947 | Depths:1 | Entered Level 1 of the Depths
 35966 | Depths:1 | Noticed a fire giant
 36278 | Shoals:1 | Entered Level 1 of the Shoals
 36281 | Shoals:1 | Found Ifamuuv's Book Shoppe.
 36453 | Shoals:1 | Found Hahusigh's General Store.
 36708 | Shoals:1 | Bought a book of Hexes for 576 gold pieces
 36716 | Shoals:1 | Learned a level 7 spell: Enfeeble
 36720 | Shoals:1 | Noticed Frances
 36721 | Shoals:1 | Found Piromuti's Armour Shoppe.
 36729 | Shoals:1 | Killed Frances
 36844 | Shoals:1 | Found Jidiw's Antique Armour Emporium.
 37128 | Shoals:1 | Reached skill level 5 in Conjurations
 37323 | Shoals:2 | Reached skill level 15 in Stealth
 37355 | Shoals:2 | Learned a level 3 spell: Stone Arrow
 38233 | Shoals:3 | Reached skill level 1 in Earth Magic
 39270 | Shoals:3 | Noticed a titan
 39291 | Shoals:3 | Killed a titan
 39441 | Shoals:3 | Found a stormy altar of Qazlal.
 39585 | Shoals:4 | Entered Level 4 of the Shoals
 39918 | Shoals:4 | Reached XP level 16. HP: 74/74 MP: 35/35
 40378 | Shoals:4 | Found Huyfintu's CLEARANCE SALE!.
 40385 | Shoals:4 | Bought a potion of haste for 40 gold pieces
 40385 | Shoals:4 | Bought a phial of floods for 160 gold pieces
 40570 | Shoals:4 | Reached skill level 21 in Hexes
 40789 | Shoals:4 | Got a barnacled rune of Zot
 41031 | Shoals:4 | Noticed Ilsuiw
 41998 | Shoals:4 | Killed Ilsuiw
 42596 | Spider:1 | Killed Condegh's ghost
 45001 | Spider:3 | Killed Bai Suzhen
 45076 | Spider:4 | Entered Level 4 of the Spider Nest
 45148 | Spider:4 | Identified the +8 long sword of Winter {spect, Fly MP-9
                  | Int+6}
 45779 | Spider:4 | Identified the ring of Canex {+Blink rPois Int+2}
 45869 | Spider:4 | Reached XP level 17. HP: 78/78 MP: 29/36
 47164 | Spider:4 | Got a gossamer rune of Zot
 47478 | Vaults:1 | Entered Level 1 of the Vaults
 48195 | Vaults:1 | Reached skill level 22 in Hexes
 48288 | Vaults:1 | Found Nacuink's Weapon Shoppe.
 48734 | Vaults:1 | Reached skill level 5 in Earth Magic
 48803 | Vaults:1 | Reached skill level 15 in Dodging
 49126 | Vaults:1 | Reached skill level 15 in Spellcasting
 49438 | Vaults:1 | Reached skill level 5 in Poison Magic
 49645 | Vaults:1 | Noticed Zenata
 49877 | Vaults:1 | Noticed Aizul
 50197 | Vaults:1 | Killed Aizul
 50568 | Vaults:2 | Reached XP level 18. HP: 82/82 MP: 35/38
 51208 | Vaults:2 | Found a staircase to the Crypt.
 51400 | Vaults:2 | Found a portal to a secret trove of treasure.
 51546 | D:13     | Bought a potion of resistance for 150 gold pieces
 51836 | Vaults:2 | You paid a toll of 4 potions of resistance to enter a
                  | treasure trove
 51837 | Trove    | Entered a treasure trove
 51843 | Trove    | Identified the ring "Gotir" {+Blink rPois rCorr Int+6}
 51847 | Trove    | Identified the amulet "Teuroo" {RegenMP rC+}
 51849 | Trove    | Identified the amulet "Zomome" {Spirit rPois}
 51851 | Trove    | Identified the amulet "Vuiviag" {Acrobat MP+9 Dex+2}
 51855 | Trove    | Identified the ring of Fazurch {rElec rCorr Str+3 Int-5
                  | Dex+3}
 51857 | Trove    | Identified the ring "Darghigg" {rElec rC+ Will- AC+4 Int+2}
 51859 | Trove    | Identified the ring "Ciox" {rC+ Int+5}
 51861 | Trove    | Identified the ring "Yschuiro" {rPois rF+ Dex+5 Slay-4
                  | Stlth+}
 51866 | Trove    | Identified the ring of the Modern Mouths {rElec rPois Int+6
                  | SInv}
 51876 | Trove    | Identified the ring "Xijeb" {rPois rF+ MP+9}
 52156 | Vaults:2 | Found Laoghip's Book Boutique.
 52355 | Vaults:1 | Killed Zenata
 53414 | Vaults:3 | Identified the +0 pair of gloves of Amorality {Harm rF+
                  | Int+2}
 54334 | Vaults:3 | Noticed Mara
 54845 | Vaults:3 | Reached skill level 23 in Hexes
 55661 | Vaults:4 | Found a magical portal.
 55669 | WizLab   | Entered Borgnjor's Mausoleum
 56112 | Vaults:4 | Reached XP level 19. HP: 88/88 MP: 39/39
 57073 | Vaults:4 | Identified the +4 hand axe of Zonaedui {protect, rPois rN+
                  | Str+3}
 57520 | Vaults:4 | Acquired a book of Fire
 57522 | Vaults:4 | Acquired the Secrets of the Storm
 57529 | Vaults:5 | Entered Level 5 of the Vaults
 57835 | Vaults:5 | Noticed a dread lich
 58304 | Depths:1 | Found a large runed translucent door.
 58310 | Depths:1 | Found a large runed translucent door.
 58310 | Depths:1 | Found a large runed translucent door.
 58311 | Depths:1 | Found a large runed translucent door.
 58327 | Depths:1 | Found a large runed translucent door.
 58327 | Depths:1 | Found a large runed translucent door.
 58654 | Depths:1 | Found a one-way gate to the infinite horrors of the Abyss.
 58661 | Depths:1 | Found a basalt altar of Yredelemnul.
 58954 | Depths:1 | Noticed Asterion
 58956 | Depths:1 | Killed Asterion
 58995 | Depths:1 | Found a gateway to Hell.
 59095 | Depths:1 | Found Weext's Book Shoppe.
 59095 | Depths:1 | Found Joitell's Jewellery Shop.
 59096 | Depths:1 | Found Menat's Jewellery Shop.
 59120 | Depths:1 | Found a one-way gate leading to the halls of Pandemonium.
 59187 | Depths:1 | Found a large runed translucent door.
 59188 | Depths:1 | Found a large runed translucent door.
 59544 | Depths:1 | Killed from afar by a quicksilver dragon
 59545 | Depths:1 | Reached XP level 18. HP: -9/85 MP: 0/48
 59856 | Depths:1 | You fall into a shaft and drop 1 floor!
 59940 | Depths:1 | Reached skill level 24 in Hexes
 60254 | Depths:1 | Identified the +3 chain mail of the Learner {Dex+6}
 60366 | Depths:2 | Reached XP level 19. HP: 89/89 MP: 40/40
 60750 | Depths:2 | Found Lecyss's Weapon Shoppe.
 60750 | Depths:2 | Found Yrob Tinya's Jewellery Emporium.
 62196 | Depths:2 | Found an ornate altar of the Wu Jian Council.
 63265 | Elf:1    | Entered Level 1 of the Elven Halls
 63789 | Elf:1    | Got the Papyrus of Battling
 64000 | Elf:1    | Learned a level 6 spell: Dispersal
 64219 | Elf:1    | Reached skill level 1 in Translocations
 64833 | Elf:2    | Found a runed translucent gate.
 64833 | Elf:2    | Found a runed translucent gate.
 64834 | Elf:2    | Found a runed translucent gate.
 65293 | Elf:2    | Reached XP level 20. HP: 95/95 MP: 41/41
 65975 | Elf:3    | Entered Level 3 of the Elven Halls
 66535 | Elf:3    | Found an ancient bone altar of Kikubaaqudgha.
 66542 | Elf:3    | Reached skill level 5 in Translocations
 68091 | Elf:3    | Identified the ring "Vomoneck" {Fly rC+ Dex-4 Stlth+}
 68116 | Elf:3    | Identified the ring of Xokh {Ice Int+3}
 68134 | Elf:3    | Got the Exposition on Destruction
 68165 | Elf:3    | Found the +3 pair of seven-league boots {Rampage+∞}
 68209 | Elf:3    | Got the Excursus on the Amalgamated Quarry
 68687 | Depths:2 | Learned a level 5 spell: Summon Mana Viper
 69952 | Depths:2 | Noticed a juggernaut
 69954 | Depths:2 | Killed a juggernaut
 70098 | Depths:2 | Noticed a caustic shrike
 70099 | Depths:2 | Identified the ring of Yhomp {rPois SInv}
 70334 | Depths:2 | Noticed a caustic shrike
 70334 | Depths:2 | Noticed a caustic shrike
 70339 | Depths:2 | Killed a caustic shrike
 70624 | Depths:2 | Noticed a caustic shrike
 70628 | Depths:2 | Killed a caustic shrike
 70629 | Depths:2 | Killed a caustic shrike
 70635 | Depths:2 | Killed a caustic shrike
 71117 | Depths:3 | Reached skill level 25 in Hexes
 71183 | Depths:3 | Found an iron altar of Okawaru.
 71945 | Depths:3 | Reached skill level 1 in Summonings
 71948 | Depths:3 | Reached XP level 21. HP: 81/99 MP: 24/43
 73016 | Depths:3 | Noticed a golden dragon
 73030 | Depths:3 | Killed a golden dragon
 73225 | Depths:3 | Noticed a golden dragon
 73237 | Depths:3 | Killed a golden dragon
 73407 | Depths:3 | Noticed a golden dragon
 74068 | Depths:3 | Killed a golden dragon
 74374 | Depths:3 | Identified the +6 mace of Sloth {freeze, rN+++ Str+5 Int-5
                  | Dex-2}
 74491 | Depths:4 | Entered Level 4 of the Depths
 74491 | Depths:4 | Found a one-way gateway to a ziggurat.
 74535 | Depths:4 | Found Teips's Assorted Antiques.
 74538 | Depths:4 | Bought a potion of magic for 184 gold pieces
 74538 | Depths:4 | Bought 2 potions of curing for 138 gold pieces
 74538 | Depths:4 | Bought a potion of curing for 69 gold pieces
 74538 | Depths:4 | Bought a wand of roots (5) for 276 gold pieces
 74561 | Depths:4 | Noticed a caustic shrike
 74561 | Depths:4 | Noticed a caustic shrike
 74564 | Depths:4 | Killed a caustic shrike
 74567 | Depths:4 | Killed a caustic shrike
 74569 | Depths:4 | Killed a caustic shrike
 74577 | Depths:4 | Killed a caustic shrike
 74588 | Depths:4 | Noticed a caustic shrike
 74604 | Depths:4 | Killed a caustic shrike
 74860 | Depths:4 | Found Rono Gutt's General Store.
 74868 | Depths:4 | Bought a potion of berserk rage for 120 gold pieces
 74868 | Depths:4 | Bought a wand of roots (3) for 172 gold pieces
 74868 | Depths:4 | Bought a potion of mutation for 192 gold pieces
 74991 | Depths:4 | Found Aqohul's Weapon Shop.
 75032 | Depths:4 | Found a gate to the Realm of Zot.
 75987 | Depths:4 | Found Hiexox's Distillery.
 75995 | Depths:4 | Bought a potion of magic for 160 gold pieces
 75995 | Depths:4 | Bought a potion of invisibility for 160 gold pieces
 75995 | Depths:4 | Bought a potion of ambrosia for 160 gold pieces
 75995 | Depths:4 | Bought a potion of might for 80 gold pieces
 75995 | Depths:4 | Bought a potion of brilliance for 80 gold pieces
 76004 | Depths:4 | Found Jyofryej's Weapon Shoppe.
 76552 | D:11     | Reached skill level 10 in Translocations
 76582 | D:11     | Killed jaiteiro's ghost
 76597 | D:11     | Learned a level 2 spell: Blink
 77237 | Vaults:3 | Killed Mara
 77467 | Vaults:4 | Killed a dread lich
 78033 | Vaults:5 | Found Viti Sog's Magic Scroll Shop.
 78265 | Vaults:5 | Reached skill level 5 in Summonings
 78265 | Vaults:5 | Reached XP level 22. HP: 59/103 MP: 5/44
 79041 | Vaults:5 | Noticed a golden dragon
 79049 | Vaults:5 | HP: 4/104 [golden dragon (7)]
 79053 | Vaults:5 | HP: 1/104 [golden dragon/blast of poison (4)]
 79546 | Vaults:5 | Bought a scroll of magic mapping for 97 gold pieces
 79546 | Vaults:5 | Bought a scroll of blinking for 97 gold pieces
 79546 | Vaults:5 | Bought 3 scrolls of butterflies for 156 gold pieces
 80544 | Vaults:5 | Found Zicic's General Store.
 80552 | Vaults:5 | Bought a potion of heal wounds for 65 gold pieces
 80552 | Vaults:5 | Bought a potion of curing for 39 gold pieces
 80552 | Vaults:5 | Bought a scroll of acquirement for 676 gold pieces
 80555 | Vaults:5 | Acquired ababab's Parchment of Relocated Unhallowed Secrets
 80560 | Vaults:5 | Bought a wand of roots (5) for 156 gold pieces
 80560 | Vaults:5 | Bought a wand of digging (7) for 382 gold pieces
 80917 | Orc:2    | Bought a potion of curing for 81 gold pieces
 80917 | Orc:2    | Bought a scroll of teleportation for 81 gold pieces
 80917 | Orc:2    | Bought a potion of haste for 270 gold pieces
 80917 | Orc:2    | Bought a wand of light (2) for 226 gold pieces
 80970 | Orc:1    | Bought a potion of cancellation for 120 gold pieces
 80970 | Orc:1    | Bought a potion of cancellation for 120 gold pieces
 80970 | Orc:1    | Bought a potion of berserk rage for 75 gold pieces
 80970 | Orc:1    | Bought a potion of flight for 45 gold pieces
 81255 | Vaults:5 | Got a silver rune of Zot
 81875 | Vaults:5 | Found Mageru's Distillery.
 81875 | Vaults:5 | Found Lodom's Distillery.
 81879 | Vaults:5 | Bought a potion of curing for 42 gold pieces
 81879 | Vaults:5 | Bought a potion of curing for 42 gold pieces
 81879 | Vaults:5 | Bought a potion of curing for 42 gold pieces
 81879 | Vaults:5 | Bought a potion of heal wounds for 70 gold pieces
 81879 | Vaults:5 | Bought a potion of heal wounds for 70 gold pieces
 81879 | Vaults:5 | Bought a potion of curing for 42 gold pieces
 81879 | Vaults:5 | Bought 2 potions of might for 112 gold pieces
 81879 | Vaults:5 | Bought a potion of might for 56 gold pieces
 81883 | Vaults:5 | Bought a potion of curing for 54 gold pieces
 81883 | Vaults:5 | Bought a potion of berserk rage for 90 gold pieces
 81883 | Vaults:5 | Bought a potion of invisibility for 144 gold pieces
 81883 | Vaults:5 | Bought a potion of resistance for 180 gold pieces
 81883 | Vaults:5 | Bought a potion of brilliance for 72 gold pieces
 81883 | Vaults:5 | Bought a potion of lignification for 54 gold pieces
 81883 | Vaults:5 | Bought a potion of haste for 180 gold pieces
 81890 | Vaults:5 | Found Douchiad's Distillery.
 81894 | Vaults:5 | Bought a potion of berserk rage for 80 gold pieces
 81894 | Vaults:5 | Bought a potion of berserk rage for 80 gold pieces
 81894 | Vaults:5 | Bought a potion of curing for 48 gold pieces
 81894 | Vaults:5 | Bought a potion of curing for 48 gold pieces
 81894 | Vaults:5 | Bought a potion of berserk rage for 80 gold pieces
 81894 | Vaults:5 | Bought a potion of heal wounds for 80 gold pieces
 81894 | Vaults:5 | Bought a potion of heal wounds for 80 gold pieces
 81894 | Vaults:5 | Bought a potion of magic for 128 gold pieces
 81894 | Vaults:5 | Bought a potion of resistance for 160 gold pieces
 81894 | Vaults:5 | Bought a potion of heal wounds for 80 gold pieces
 82024 | Vaults:5 | Found Pese's Distillery.
 82028 | Vaults:5 | Found Emnehuas's Distillery.
 82650 | Vaults:5 | Found Zatemaot's Magic Scroll Boutique.
 82657 | Vaults:5 | Found Zextoerch's Distillery.
 82681 | Vaults:5 | Found Baaxyiwe's Distillery.
 83037 | Zot:1    | Entered Level 1 of the Realm of Zot
 83037 | Zot:1    | Identified the ring "Kearchum" {Ice Dex+3}
 83037 | Zot:1    | Noticed Josephina
 83039 | Zot:1    | Killed Josephina
 83310 | Zot:1    | Reached skill level 15 in Fighting
 83413 | Zot:1    | Reached skill level 15 in Unarmed Combat
 84889 | Zot:2    | Noticed a golden dragon
 84915 | Zot:2    | Killed a golden dragon
 85246 | Zot:2    | Noticed a golden dragon
 85253 | Zot:2    | Killed a golden dragon
 85935 | Zot:2    | Noticed a golden dragon
 85944 | Zot:2    | Killed a golden dragon
 85994 | Zot:2    | Reached XP level 23. HP: 47/108 MP: 15/45
 87211 | Zot:3    | Noticed a Killer Klown
 87213 | Zot:3    | Killed a Killer Klown
 87497 | Zot:3    | Found the +4 dragonskin cloak
 87497 | Zot:3    | Noticed Tiamat
 87838 | Zot:3    | Killed Tiamat
 88063 | Zot:3    | Reached skill level 26 in Hexes
 88474 | Zot:4    | Identified the +8 great mace of a Gauntlet {pain, rC+}
 88882 | Zot:4    | Noticed a Killer Klown
 88884 | Zot:4    | Killed a Killer Klown
 89894 | Zot:4    | Identified the +9 morningstar of the Dungeon {spect, rN+
                  | Str+8 Stlth-}
 89938 | Zot:5    | Entered Level 5 of the Realm of Zot
 90032 | Zot:5    | Noticed a curse toe
 90186 | Zot:5    | Killed a curse toe
 90187 | Zot:5    | Reached skill level 15 in Translocations
 90507 | Zot:5    | Noticed a dread lich
 90515 | Zot:5    | Killed a dread lich
 90524 | Zot:5    | Noticed an orb of fire
 90524 | Zot:5    | Noticed a Killer Klown
 90524 | Zot:5    | Noticed a dread lich
 90524 | Zot:5    | Noticed a Killer Klown
 90524 | Zot:5    | Noticed an orb of fire
 90524 | Zot:5    | Noticed a dread lich
 90529 | Zot:5    | Slain by a Killer Klown
 90530 | Zot:5    | Reached XP level 22. HP: -4/106 MP: 0/54
 90531 | Zot:5    | Noticed a golden dragon
 90533 | Zot:5    | Noticed a dread lich
 90533 | Zot:5    | Noticed a curse toe
 90533 | Zot:5    | Noticed a golden dragon
 90539 | Zot:5    | Killed from afar by a Killer Klown
 90539 | Zot:5    | Killed an orb of fire
 90540 | Zot:5    | Reached XP level 21. HP: -1/102 MP: 0/53
 90952 | Zot:5    | Reached XP level 22. HP: 106/106 MP: 33/45
 90970 | Zot:5    | Killed a curse toe
 91384 | Zot:5    | Killed a dread lich
 91424 | Zot:5    | Noticed an ancient lich
 91447 | Zot:5    | Killed an ancient lich
 91565 | Zot:5    | Noticed an orb of fire
 91647 | Zot:5    | Killed from afar by an orb of fire

Illustrated notes

Levels and vault maps discovered:
D:1:      elethiomel_arrival_infinity_welcomes_careful_drivers, layout_basic,
          serial_bayou_pond_d
D:2:      layout_basic, basic_altar, minmay_joined_circles, uniq_jessica
D:3:      layout_rooms, uniq_robin, uniq_terence
D:4:      layout_gridville, mainiacjoe_overflow_24_doors, serial_shops, shop,
          uniq_eustachio
D:5:      layout_basic
D:6:      layout_loops_ring, elyvilon_altar_5, gammafunk_temple_overflow_pools,
          minmay_three_doors
D:7:      layout_cave_pools, fedhas_altar_1, minmay_temple_entry_ruins,
          dreamdust_wishing_well
D:8:      minmay_polygon_palace, layout_loops_ring, kennysheep_mini,
          uniq_psyche, uniq_maggie
D:9:      minmay_razor_zed, layout_rooms, mainiacjoe_overflow_big_doors,
          david_lair_generic, serial_shops, nicolae_shop_tiny_waterfront,
          minivault_20, st_stairs_3
D:10:     layout_long_grid, uniq_urug, uniq_lodul
D:11:     lemuel_castle_with_subvaults [lemuel_castle_interior_carwin_2],
          layout_irregular_city, minmay_orc_entry_temple_small,
          gammafunk_ghost_ooze
D:12:     layout_loops_ring, serial_shops, nicolae_shop_tiny_waterfront,
          minmay_misc_feat_room
D:13:     layout_basic, skrybe_vaults_entry_preservation, serial_shops,
          nicolae_shop_industrial_runoff, amcnicky_mini_corridor_feature
D:14:     layout_basic, serial_shops, shop, minmay_misc_feat_ornament,
          hangedman_ru_absence
D:15:     grunt_enter_depths_magical_seal, layout_irregular_city, minivault_25,
          nicolae_gozag_seed_capital, uniq_agnes
Temple:   compressed_dpeg_circular_temple
Lair:1:   layout_layer_cave, beast_lair_carwin_10
Lair:2:   layout_regular_city, spider_nest_entry_a, gauntlet_entry_generic
Lair:3:   layout_regular_city, elwin_shoals_entry_rocks,
          bobbens_dragon_lair_wall, serial_bayou_shore_a, grunt_megastairs_5
Lair:4:   layout_gridlike
Lair:5:   minmay_lair_end_frog_pond, layout_cave_pods,
          nicolae_slime_entry_slimehenge, basic_altar, serial_bayou_shore_b,
          uniq_sonja
Shoals:1: layout_shoals, serial_shops, nicolae_shop_hallway_plus,
          nicolae_shop_pleasant_corner_grove, nicolae_diamond_shop,
          nicolae_shop_competitors_out_of_business, uniq_frances
Shoals:2: layout_shoals, nicolae_shoals_undead_eyrie
Shoals:3: cheibrodos_shoals_gigantism, layout_shoals, lemuel_centaur_altar
Shoals:4: shoals_end_simple, layout_shoals, shoals_ilsuiw_ice,
          nicolae_shop_clearance
Spider:1: layout_spider_delve, portal_ice_cave_entry_frozen_things,
          gammafunk_ghost_split, drop_trap, uniq_rupert, uniq_jorgrun
Spider:2: gammafunk_sealed_arena, drop_trap
Spider:3: layout_chambers, nicolae_crawler_farm, nicolae_spider_cling_halls,
          uniq_bai_suzhen
Spider:4: grunt_spider_rune_parallel
Orc:1:    layout_diamond_mine, serial_shops, nicolae_shop_advertising_works
          [nicolae_subvault_shop_adworks], nicolae_shop_crystal,
          nicolae_shop_stone, basic_altar
Orc:2:    st_orc_rangers, layout_diamond_mine, basic_altar
Elf:1:    eino_elf_arrival_the_gate, layout_gridlike, minmay_elf_annihilation,
          grunt_megastairs_3
Elf:2:    nicolae_elf_blades_splatter_lattice
          [nicolae_blade_entry_hurt_lockers], layout_geoelf_octagon
Elf:3:    minmay_elf_hall, layout_geoelf_diagonals, basic_altar, fountainhead
Vaults:1: nicolae_vaults_closet_pinwheel_6, hangedman_vaults_hat,
          nicolae_vaults_museum, ontoclasm_vaults_tryst,
          nicolae_vaults_closet_pinwheel_2, hangedman_vaults_restitches,
          nicolae_vaults_wrenched, vaults_mumra_hexcomb,
          nicolae_vaults_specimen_jars, ontoclasm_vaults_pinch,
          vaults_room_hallway, vaults_dpeg_ring, layout_vaults_big_room,
          serial_shops, nicolae_shop_scrapyard, uniq_aizul, uniq_zenata
Vaults:2: v_misc_2, minmay_crypt_entry_simple_plaza, nicolae_vaults_apartment_2,
          v_alt_pattern_4, vaults_dpeg_cross, layout_vaults_quadrants,
          enter_trove_2, serial_shops, nicolae_diamond_shop, uniq_margery
Vaults:3: nicolae_vaults_door_testing_chamber, nicolae_vaults_circle_grid_a,
          vaults_mumra_minichess_inversion, nicolae_vaults_closet_pinwheel_3,
          nicolae_vaults_oval_intersection, v_misc_26,
          nicolae_vaults_tetromino_T_1, nicolae_vaults_trapezoid_1,
          nicolae_vaults_sealed_display, nicolae_vaults_network_s,
          nicolae_vaults_diamond_1, nicolae_vaults_double_plus_1,
          nicolae_vaults_circle_grid_a, nicolae_vaults_trapezoid_lopsided_1,
          layout_vaults_ring, uniq_mara
Vaults:4: infiniplex_enter_wizlab_glasses, nicolae_vaults_meiosis,
          nicolae_vaults_ring_of_whatevers, nicolae_vaults_tangram_2,
          nicolae_vaults_shipping_containers_3, nicolae_vaults_mitosis,
          grunt_vaults_bifocal, vaults_dpeg_doors,
          nicolae_vaults_trapezoid_lopsided_3, nicolae_vaults_house_3,
          nicolae_vaults_stepped_doors, v_misc_28, nicolae_vaults_tangram_1,
          vaults_room_grunt_arrival_ludios, layout_vaults_omnibox
Vaults:5
Depths:1: minmay_five_octagons, layout_gridville, abyss_entry_small_statue_room,
          pan_entry, chequers_serial_rivers_room_a, hell_entry,
          yredelemnul_altar_generic, minmay_shop_grove, uniq_asterion
Depths:2: grunt_bent_corner, layout_honeycomb, rand_demon_pan_entry_4,
          grunt_hell_entry_dis_mu, nzn_wu_jian_council_hall,
          infiniplex_staircase_hallway_doors, minmay_shoptagon
Depths:3: minmay_triangles_in_corner, layout_twisted_cross, hellmouth_2,
          marbit_kobold_abyss_entry, okawaru_trees_2,
          infiniplex_staircase_zigzag_1
Depths:4: grunt_zot_entry_funnels, layout_basic, enter_ziggurat_e,
          pf_vacation_house_of_asmodeus, serial_shops, nicolae_square_shop,
          shop, nicolae_shop_tiny_glass, nicolae_shop_peninsula,
          nicolae_shop_real_fake_doors, abyss_entry, minmay_misc_feat_enclosed,
          nrook_uturn
Zot:1:    layout_onion_interference, uniq_josephina
Zot:2:    layout_concentric_octagons, grunt_megastairs_1
Zot:3:    layout_twisted_circle, uniq_tiamat, uniq_vv
Zot:4:    layout_misc_corridors, grunt_ministairs_4, st_small_dragon_hoard_1,
          grunt_megastairs_2
Zot:5:    layout_basic, grunt_ministairs_1

Skill      XL: |  1  2  3  4  5  6  7  8  9 10 11 12 13 14 15 16 17 18 19 20 21 22 23 |
---------------+----------------------------------------------------------------------+-----
Dodging        | 3 4 5 7 9 10 11 13 14 15 16 18 19 20 | 20.6
Fighting       | 1 2 3 4 5 6 7 8 9 10 11 12 14 15 | 15.9
Spellcasting   | 3 4 5 6 7 9 10 11 13 14 15 16 17 18 | 18.1
Hexes          | 5 6 7 9 10 12 13 15 16 18 20 21 22 24 25 26 | 26.5
Ice Magic      | 1 2 4 |  4.0
Unarmed Combat | 2 3 4 5 6 7 8 9 10 11 12 14 15 | 15.9
Stealth        | 5 6 8 9 10 11 12 13 15 16 17 19 21 22 24 25 | 25.9
Evocations     | 1 4 6 7 8 |  8.0
Air Magic      | 1 4 6 7 8 9 |  9.0
Conjurations   | 5 6 7 8 |  8.0
Transmutations | 2 6 8 |  8.0
Poison Magic   | 4 3 5 |  5.0
Earth Magic    | 2 4 5 6 7 |  7.0
Translocations | 3 8 10 16 15 | 16.2
Summonings     | 1 5 7 8 |  8.0

Action                     |  1- 3 |  4- 6 |  7- 9 | 10-12 | 13-15 | 16-18 | 19-21 | 22-24 || total
---------------------------+-------+-------+-------+-------+-------+-------+-------+-------++-------
  Melee: Unarmed           |    67 |   281 |   234 |   397 |  1089 |   345 |   485 |   297 ||  3195
         Bite              |     4 |    27 |    20 |    51 |   124 |    43 |    67 |    37 ||   373
         Punch             |       |     6 |     9 |    26 |    68 |    16 |    43 |    35 ||   203
   Cast: Ensorcelled Hiber |     5 |    25 |    62 |   168 |   497 |   188 |   119 |    66 ||  1130
         Tukima's Dance    |       |     9 |    38 |    45 |    99 |    16 |     1 |     1 ||   209
         Confusing Touch   |       |     6 |    14 |    23 |    60 |     5 |       |       ||   108
         Airstrike         |       |       |       |       |    34 |    41 |    92 |     6 ||   173
         Mephitic Cloud    |       |       |       |       |    54 |    54 |    15 |       ||   123
         Discord           |       |       |       |       |    13 |    63 |   104 |    60 ||   240
         Enfeeble          |       |       |       |       |     3 |    67 |   148 |   123 ||   341
         Swiftness         |       |       |       |       |     3 |     8 |     2 |       ||    13
         Yara's Violent Un |       |       |       |       |       |     5 |    26 |     5 ||    36
         Stone Arrow       |       |       |       |       |       |    46 |    94 |    43 ||   183
         Summon Mana Viper |       |       |       |       |       |       |    34 |    44 ||    78
         Blink             |       |       |       |       |       |       |       |     3 ||     3
         Dispersal         |       |       |       |       |       |       |       |     1 ||     1
 Invoke: Shadow Step       |       |       |       |       |     6 |       |     4 |     3 ||    13
  Evoke: Wand              |       |       |       |    12 |    14 |     3 |     3 |     9 ||    41
         Phantom mirror    |       |       |       |     1 |       |     2 |     1 |       ||     4
         Lightning rod     |       |       |       |       |     4 |    11 |     3 |       ||    18
         Box of beasts     |       |       |       |       |       |     2 |       |       ||     2
         Condenser vane    |       |       |       |       |       |     2 |       |       ||     2
         Phial of floods   |       |       |       |       |       |     1 |       |       ||     1
         Piece from Xom's  |       |       |       |       |       |       |       |     1 ||     1
    Use: Scroll            |       |     3 |     5 |    18 |    16 |    11 |    18 |     6 ||    77
         Potion            |       |     1 |     3 |    14 |    13 |     5 |    13 |    15 ||    64
   Stab: Sleeping          |    10 |    16 |    44 |   107 |   410 |   149 |   147 |    72 ||   955
         Confused          |       |     5 |     9 |    16 |    67 |    24 |     4 |       ||   125
         Distracted        |       |       |     1 |     1 |     5 |       |     6 |     5 ||    18
         Invisible         |       |       |       |     6 |    11 |    18 |    82 |    63 ||   180
 Armour: Skin              |     2 |    27 |    33 |    42 |    46 |    15 |    17 |    11 ||   193
  Dodge: Dodged            |    53 |   191 |   183 |   458 |  1582 |   417 |   456 |   466 ||  3806
  Block: Other             |     6 |    66 |    46 |   104 |    45 |       |       |       ||   267
         Reflection        |       |     2 |       |     4 |     2 |       |       |       ||     8
